 Dungeon Crawl Stone Soup version 0.28-a0-957-g42eb19b844 (webtiles) character file.

Game seed: 5917905963810363002

247 vineage the Skirmisher (level 6, -4/40 HPs)
             Began as a Gargoyle Fighter on Nov 30, 2021.
             Slain by Terence (5 damage)
             ... on level 3 of the Dungeon.
             The game lasted 00:02:18 (1927 turns).

vineage the Skirmisher (Gargoyle Fighter)           Turns: 1927, Time: 00:02:19

Health: -4/40      AC:  8    Str: 19    XL:     6   Next: 11%
Magic:  6/6        EV: 10    Int:  9    God:
Gold:   93         SH:  4    Dex: 11    Spells: 5/5 levels left

rFire   . . .      SeeInvis .   a - +0 flail
rCold   . . .      Faith    .   c - +0 buckler
rNeg    + . .      Spirit   .   e - +0 troll leather armour
rPois   ∞          Reflect  .   (no helmet)
rElec   +          Harm     .   (no cloak)
rCorr   .          Rampage  .   (no gloves)
Will    .....                   (no boots)
Stlth   +.........              (no amulet)
HPRegen 0.93/turn               (no ring)
MPRegen 0.10/turn               (no ring)

@: about to teleport, weak-willed, hasted, very quick
A: sickness immunity, AC +4, negative energy resistance 1, electricity
resistance, torment resistance 1, petrification resistance
a: no special abilities


You were on level 3 of the Dungeon.
You visited 1 branch of the dungeon, and saw 3 of its levels.

You collected 93 gold pieces.

Inventory:

Hand Weapons
 a - a +0 flail (weapon)
Armour
 c - a +0 buckler (worn)
 e - a +0 troll leather armour (worn)
Scrolls
 d - a scroll of identify
Potions
 h - 2 potions of curing {unknown}


   Skills:
 + Level 5.6 Fighting
 + Level 4.5 Maces & Flails
 - Level 3.2 Armour
 - Level 3.2 Shields


You had 5 spell levels left.
You didn't know any spells.
Your spell library was empty.

Dungeon Overview and Level Annotations

Branches:
Dungeon (3/15)

Altars:

Shops:
D:1 [

Annotations:
D:3 Robin, Terence


Innate Abilities, Weirdness & Mutations

You are immune to sickness and miasma.
Your stone body is resilient. (AC +4)
You are immune to poison.
You resist negative energy. (rN+)
You are resistant to electric shocks. (rElec)
You are resistant to unholy torment.
You are immune to petrification.


Message History

The goblin hits you with a +0 club. x2
* * * LOW HITPOINT WARNING * * *
Robin roars a battlecry!
The goblin goes into a battle-frenzy!
The goblin closely misses you. The goblin hits you but does no damage.
You block Terence's attack.
You barely miss Terence.
Terence is severely wounded.
The goblin no longer looks unusually strong.
The goblin hits you with a +0 club.
* * * LOW HITPOINT WARNING * * *
You block the goblin's attack. The goblin barely misses you.
The goblin hits you but does no damage.
As you read the scroll labelled XANKIA SEWNAGA, it crumbles to dust.
The scroll dissolves into smoke.
It was a scroll of fog.
Terence screams, "I want your blood!" Terence barely misses you.
The goblin barely misses you. The goblin hits you but does no damage.
As you read the scroll labelled XOCVO YB BAIN, it crumbles to dust.
Magic quickly surges around you.
It was a scroll of vulnerability.
The goblin hits you but does no damage. The goblin closely misses you.
Terence hits you with a +2 flail of holy wrath!
* * * LOW HITPOINT WARNING * * *
Unknown command.
As you read the scroll labelled FEARUY NAMENK, it crumbles to dust.
You feel strangely unstable.
It was a scroll of teleportation.
The goblin barely misses you. The goblin misses you.
The goblin barely misses you. The goblin closely misses you.
Terence barely misses you.
You barely miss Terence.
Terence is severely wounded.
The goblin no longer looks unusually strong.
The goblin closely misses you. You block the goblin's attack.
The goblin hits you with a +0 club.
* * * LOW HITPOINT WARNING * * *
You hit Terence but do no damage.
Terence is severely wounded.
The goblin hits you but does no damage.
Terence hits you with a +2 flail of holy wrath.
You die...

#.#.....# #.....##
#.#.##..###......#
#.#........÷......
#.#####.########.#
#.#####......###.#
#.....'...........
#######......###..
#gg§..............
#@###############.
#§gg@§.....
........
...##g#######
######## ###


ggg ........ #.# #######) ... #. ... #. ... #######. #.....#. You could see
Terence (weak-willed) and 5 goblins.

Vanquished Creatures
  Sigmund (D:2)
  2 adders
  5 dart slugs
  2 orcs (D:3)
  6 endoplasms
  5 goblins
  6 hobgoblins
  3 jackals (D:2)
  2 quokkas (D:2)
  4 ball pythons
  6 bats
  4 frilled lizards
  2 kobolds
  A rat (D:2)
49 creatures vanquished.

Notes
Turn   | Place    | Note
-------+----------+-------------------------------------------
     0 | D:1      | vineage the Gargoyle Fighter began the quest for the Orb.
     0 | D:1      | Reached XP level 1. HP: 14/14 MP: 1/1
   291 | D:1      | Reached XP level 2. HP: 19/19 MP: 2/2
   292 | D:1      | Found Celumod's Antique Armour Emporium.
   654 | D:1      | Reached XP level 3. HP: 21/24 MP: 3/3
   853 | D:1      | Reached skill level 4 in Fighting
  1021 | D:1      | Found a faded altar of an unknown god.
  1114 | D:2      | Noticed Sigmund
  1127 | D:2      | Killed Sigmund
  1128 | D:2      | Reached skill level 5 in Fighting
  1128 | D:2      | Reached XP level 4. HP: 31/31 MP: 4/4
  1128 | D:2      | Reached XP level 5. HP: 35/35 MP: 5/5
  1579 | D:3      | Reached XP level 6. HP: 40/40 MP: 6/6
  1903 | D:3      | Noticed Terence
  1905 | D:3      | Noticed Robin
  1926 | D:3      | HP: 1/40 [goblin[Robin] (5)]
  1927 | D:3      | Slain by Terence

Illustrated notes

Levels and vault maps discovered:
D:1:      minmay_arrival_loop, layout_loops_cross,
          chequers_ecumenical_altar_simple, serial_shops,
          nicolae_shop_overgrown_old_shop, solitary_fountain,
          ebering_dispersal_statue_hall, minivault_26,
          nicolae_figureground_pulse
D:2:      layout_rooms, uniq_sigmund
D:3:      layout_basic, uniq_robin, uniq_terence

Skill      XL: |  1  2  3 |
---------------+----------+-----
Fighting       | 5 |  5.6
Maces & Flails | 4 |  4.5
Armour         | |  3.2
Shields        | |  3.2

Action                   |  1- 3 |  4- 6 || total
-------------------------+-------+-------++-------
Melee: Flail             |    51 |    97 ||   148
  Use: Scroll            |     3 |     3 ||     6
       Potion            |     1 |     1 ||     2
Armor: Scale mail        |    28 |    17 ||    45
       Troll leather arm |       |    54 ||    54
Dodge: Dodged            |    22 |    80 ||   102
Block: Buckler           |    10 |    28 ||    38

Table legend: (Time is in decaauts)
 A = Elapsed time spent in this place.
 B = Non-inter-level travel time spent in this place.
 C = Inter-level travel time spent in this place.
 D = Time resting spent in this place.
 E = Time spent auto-exploring this place.
 F = Levels seen in this place.
 G = Mean time per level.
                   A        B        C        D        E       F      G
               +--------+--------+--------+--------+--------+-----+--------+
         Total |   1957 |   1871 |     86 |      0 |   1502 |   3 |  652.3 |
       Dungeon |   1957 |   1871 |     86 |      0 |   1502 |   3 |  652.3 |
               +--------+--------+--------+--------+--------+-----+--------+

Top non-repeatable levels by time:
     D:1: 1134 daAuts
     D:2: 464 daAuts
     D:3: 358 daAuts
